 Dungeon Crawl Stone Soup version 0.28.0 (webtiles) character file.

Game seed: 8673199592836233852

34 Minsecho the Chopper (level 3, -2/33 HPs)
             Began as a Hill Orc Monk on Feb 4, 2022.
             Slain by a gnoll (5 damage)
             ... on level 1 of the Dungeon.
             The game lasted 00:02:55 (1568 turns).

Minsecho the Chopper (Hill Orc Monk)                Turns: 1568, Time: 00:02:55

Health: -2/33      AC:  3    Str: 15    XL:     3   Next: 31%
Magic:  3/3        EV: 12    Int: 10    God:
Gold:   27         SH:  0    Dex: 13    Spells: 2/2 levels left

rFire   . . .      SeeInvis .   a - +0 hand axe
rCold   . . .      Faith    .   (no shield)
rNeg    . . .      Spirit   .   b - +0 robe
rPois   .          Reflect  .   (no helmet)
rElec   .          Harm     .   d - +0 cloak
rCorr   .          Rampage  .   (no gloves)
Will    .....                   (no boots)
Stlth   +.........              (no amulet)
HPRegen 0.11/turn               c - ring of wizardry
MPRegen 0.08/turn               (no ring)

@: confused, ambrosia-drunk
A: no striking features
a: no special abilities


You were on level 1 of the Dungeon.
You visited 1 branch of the dungeon, and saw 2 of its levels.

You collected 27 gold pieces.

Inventory:

Hand Weapons
 a - a +0 hand axe (weapon)
Armour
 b - a +0 robe (worn)
 d - a +0 cloak (worn)
Jewellery
 c - a ring of wizardry (left hand)
 e - a ring of positive energy
 i - a ring of fire
Scrolls
 f - a scroll of fog {unknown}
Potions
 h - a potion of mutation {unknown}


   Skills:
 + Level 3.9 Fighting
 + Level 4.7 Axes
 + Level 2.9 Dodging
 - Level 1.7 Stealth


You had 2 spell levels left.
You didn't know any spells.
Your spell library contained the following spells:

 Spells                   Type           Power      Damage    Failure   Level
 Dazzling Flash           Conj/Hex       0%         N/A       41%         3
 Iskenderun's Mystic Bla  Conj/Tloc      0%         2d3       80%         4
 Starburst                Conj/Fire      0%         6d3       100%        6


Dungeon Overview and Level Annotations

Branches:
Dungeon (2/15)

Altars:


Message History

You hit the bat.
You kill the bat!
No target in view!
No target in view!
No target in view!
There is a stone staircase leading down here.
There is a stone staircase leading down here.
Found a robe.
Done exploring.
Done exploring.
Done exploring.
(D) Dungeon
Where to? (? - help)
There is a stone staircase leading down here.
You climb downwards.
The gnoll barely misses you. The gnoll hits you with a +0 spear.
The gnoll closely misses you.
There is a stone staircase leading up here.
There are monsters nearby!
The kobold shouts!
You hit the gnoll.
The gnoll is moderately wounded.
You hit the gnoll. The gnoll hits you with a +0 spear.
The gnoll hits you with a +0 club! The gnoll barely misses you. x2
You climb upwards.
There is a stone staircase leading down here.
The gnoll hits you with a +0 spear. The gnoll misses you.
You climb downwards.
The kobold throws a stone.
The stone hits you but does no damage.
There is a stone staircase leading up here.
The gnoll hits you with a +0 spear! The gnoll hits you with a +0 club!
* * * LOW HITPOINT WARNING * * *
You climb upwards.
There is a stone staircase leading down here.
It was a potion of ambrosia.
You are confused.
You feel invigorated. The gnoll hits you with a +0 spear.
* * * LOW HITPOINT WARNING * * *
The gnoll hits you with a +0 club.
You die...

#....#######.#####........#
#.#.## #...#...######## ..#.#
##....### ....# #..##..#
##### ###.####.### #
#..........# ######
#..........##
.....#####.......g...##
####...........g@.....#
######...........#.#
#...........#.#
#...........#.#######
#########...........#.......#
#.......................[...#
..#######.#.##########......#
### #...# ######## #####


You could see 2 gnolls.

Vanquished Creatures
  2 ball pythons (D:1)
  2 endoplasms (D:2)
  A giant cockroach (D:1)
  A goblin (D:2)
  9 jackals
  4 kobolds
  2 quokkas
  3 bats
  2 frilled lizards (D:2)
  2 rats (D:1)
28 creatures vanquished.

Notes
Turn   | Place    | Note
-------+----------+-------------------------------------------
     0 | D:1      | Minsecho the Hill Orc Monk began the quest for the Orb.
     0 | D:1      | Reached XP level 1. HP: 19/19 MP: 1/1
   241 | D:1      | Found a faded altar of an unknown god.
   342 | D:1      | Reached XP level 2. HP: 6/27 MP: 2/2
   999 | D:2      | Identified the +3 hand axe of the Living Dead {vamp, rCorr
                  | Dex+2}
  1046 | D:1      | Reached XP level 3. HP: 23/33 MP: 3/3
  1568 | D:1      | Slain by a gnoll

Illustrated notes

Levels and vault maps discovered:
D:1:      zaba_arrival_water, layout_rooms,
          hellmonk_ecumenical_altar_pennies_from_heaven
D:2:      layout_basic, minmay_tetromino_l4

Action                   || total
-------------------------++-------
Melee: Hand axe          ||   110
  Use: Potion            ||     3
 Stab: Sleeping          ||     2
Armor: Robe              ||    39
Dodge: Dodged            ||   114
